Map: Cabeça de Ponte ER (Void)

Players

Disom

  • Race: Terran Terran
  • League: Grandmaster

EngineerWR - Winner!

  • Race: Terran Terran
  • League: Grandmaster

VOD

Have the link to the VOD?

Description

Time

  • Played on: Oct. 3, 2015, 2:27 a.m.
  • Length: 7:33
Show
View Real Time Build Order
Export as new Build Order

Disom Terran 

Build Orders: Command Center First (CC), Mech 

Get SALT Encoding   

  12  0:01  SCV  
  13  0:13  Supply Depot  
  13  0:18  SCV  
  14  0:30  SCV  
  15  0:42  SCV  
  16  0:54  SCV  
  17  1:04  Command Center  
  17  1:08  SCV  
  18  1:15  Barracks  
  18  1:24  SCV  
  19  1:30  Refinery  
  19  1:36  SCV  
  20  1:49  SCV  
  21  2:01  SCV  
  22  2:03  Refinery, Marine  
  23  2:16  SCV  
  24  2:30  Marine  
  24  2:32  Orbital Command  
  24  2:33  Command Center  
  25  2:38  Orbital Command  
  25  2:48  Marine  
  26  2:58  Factory  
  26  3:04  Supply Depot  
  26  3:06  Marine  
  27  3:24  Marine  
  28  3:29  Bunker, Engineering Bay  
  28  3:34  SCV  
  28  3:39  SCV  
  30  3:42  Refinery, Marine  
  30  3:44  Widow Mine  
  30  3:45  Refinery  
  33  3:54  Factory  
  33  3:59  Missile Turret, Marine  
  34  4:07  Orbital Command  
  34  4:25  Hellion  
  36  4:32  SCV, Factory  
  36  4:33  SCV  
  38  4:44  Terran Infantry Weapons Level 1  
  38  4:46  Orbital Command  
  38  4:48  SCV  
  39  4:54  Bunker  
  39  4:59  Missile Turret  
  37  5:14  Factory Tech Lab  
  34  5:16  Starport  
  34  5:18  Missile Turret  
  34  5:19  SCV x3  
  36  5:27  Factory Tech Lab  
  36  5:28  Factory Reactor  
  36  5:34  Widow Mine  
  38  5:38  SCV x2  
  38  5:42  Missile Turret  
  39  5:48  SCV  
  40  5:50  SCV  
  39  6:14  Hellion x2  
  42  6:22  Siege Tank  
  42  6:23  Siege Tank  
  42  6:24  Viking  
  47  6:35  Hellion x2  
  51  6:42  SCV, Armory  
  51  6:43  SCV  
  44  7:12  Command Center  
Show
View Real Time Build Order
Export as new Build Order

EngineerWR Terran - Winner!

Build Orders:  

Get SALT Encoding   

  12  0:01  SCV  
  13  0:13  SCV  
  14  0:21  Supply Depot  
  14  0:25  SCV  
  15  0:43  SCV  
  16  0:55  Refinery, Barracks  
  16  0:57  SCV  
  17  1:09  SCV  
  18  1:25  SCV  
  19  1:37  SCV  
  20  1:51  Orbital Command  
  20  1:55  Marine  
  20  2:01  Supply Depot, Factory  
  21  2:19  Marine  
  22  2:31  SCV  
  23  2:40  Marine  
  25  2:44  SCV  
  25  2:50  Factory Tech Lab, Starport  
  25  2:57  SCV  
  26  3:00  Supply Depot  
  26  3:04  Refinery  
  26  3:05  Marine  
  27  3:13  SCV  
  27  3:18  Hellion  
  30  3:25  SCV  
  31  3:28  Marine  
  31  3:32  Supply Depot  
  32  3:35  Banshee  
  32  3:40  Hellion  
  37  3:44  SCV  
  37  3:45  Command Center  
  37  3:48  Marine  
  39  3:54  Barracks  
  39  3:55  Barracks  
  39  4:00  SCV  
  40  4:04  Supply Depot  
  41  4:16  Barracks Reactor  
  40  4:19  Engineering Bay  
  40  4:22  Banshee  
  43  4:27  SCV  
  44  4:32  Supply Depot  
  44  4:44  Barracks Reactor  
  44  4:45  Barracks Tech Lab  
  44  5:20  Marine x2  
  44  5:21  Siege Tank  
  46  5:26  Marine x2  
  46  5:27  Marauder  
  50  5:44  Marine x2  
  50  5:45  Orbital Command  
  50  5:47  Marine x2  
  50  5:48  Marauder  
  56  5:52  Supply Depot  
  56  5:53  SCV  
  57  6:02  Marine  
  58  6:05  SCV  
  58  6:08  Marine x2  
  58  6:09  Marauder  
  60  6:24  Marine  
  60  6:25  Marine  
  62  6:30  Supply Depot, Barracks  
  62  6:31  Barracks, Marauder  
  62  6:32  Medivac  
  66  6:34  Siege Tank  
  65  7:07  Marine  
  65  7:08  Marauder, Marine x2  
Tags
 
Add a new tag
Caveats
  • Supply blocks, unpowered buildings, or Contaminate may cause inaccurate times.
  • Supply counts are checked every 10 seconds.